Cogmind - Beta 10.2 @@@ ROGUE MODE // 2021.08.12 @ 18:44:30 Player: Smakemupagus Result: Self-destructed Performance ------------- Evolutions (2) 1000 Regions Visited (4) 800 Robots Destroyed (50) 250 Value Destroyed (1252) 1252 Prototype IDs (3) 60 Alien Tech Used (0) 0 Bonus (46) 46 TOTAL SCORE: 3408 Bonus ------- High Alert Combat Kills 46 Cogmind --------- Core Integrity 277/550 Matter 300/300 Energy 250/250 System Corruption 0% Temperature Cool (227) Movement Core (500) Ox9 Location -8/Storage Parts ------- > --- POWER (2) -------- Ion Engine > --- PROPULSION (4) --- (None) > --- UTILITY (3) ------ Heat Sink Large Storage Unit Hardened Light Armor Plating > --- WEAPON (2) ------- Improved EM Shotgun > --- INVENTORY (10) --- Light Ion Engine Improved Heat Sink Light Armor Plating Minigun Gauss Rifle Scythe Peak State ------------ > --- POWER ------------ Ion Engine Light Ion Engine > --- PROPULSION ------- Advanced Treads Aluminum Leg Aluminum Leg Aluminum Leg > --- UTILITY ---------- Large Storage Unit Particle Charger Hardened Light Armor Plating > --- WEAPON ----------- Improved EM Shotgun Gauss Rifle > --- INVENTORY -------- Light Ion Engine Heat Sink Light Armor Plating Improved EM Shotgun Improved EM Shotgun Minigun Minigun Rocket Launcher Scythe [Rating: 23] Favorites ----------- Power Light Ion Engine Engine Light Ion Engine Propulsion Aluminum Leg Treads Light Treads Leg Aluminum Leg Utility Large Storage Unit Device Improved Terrain Scanner Storage Large Storage Unit Protection Hardened Light Armor Plating Weapon Assault Rifle Energy Gun Improved EM Shotgun Ballistic Gun Assault Rifle Launcher Rocket Launcher Build | -11 -10 -9 -8 -8 ------- Run | Scr Mat Mat Mat Sto Slots Evolved 4 | . . 2 2 . Power 1 | . . . 1 . Propulsion 2 | . . 1 1 . Utility 1 | . . 1 . . Weapon . | . . . . . Parts Attached 56 | 7 8 25 5 11 Power 6 | 1 1 3 1 . Engine 6 | 1 1 3 1 . Core . | . . . . . Reactor . | . . . . . Propulsion 16 | 2 4 5 1 4 Treads 3 | 2 . . . 1 Leg 13 | . 4 5 1 3 Wheel . | . . . . . Hover . | . . . . . Flight . | . . . . . Utility 9 | 2 1 4 . 2 Device 5 | 1 . 2 . 2 Storage 3 | 1 1 1 . . Processor . | . . . . . Hackware . | . . . . . Protection 1 | . . 1 . . Artifact . | . . . . . Weapon 25 | 2 2 13 3 5 Energy Gun 9 | . . 5 1 3 Energy Cannon . | . . . . . Ballistic Gun 12 | 2 2 5 2 1 Ballistic Cannon . | . . . . . Launcher 4 | . . 3 . 1 Special Weapon . | . . . . . Impact Weapon . | . . . . . Slashing Weapon . | . . . . . Piercing Weapon . | . . . . . Special Melee Weapon . | . . . . . Unidentified Prototypes . | . . . . . Parts Lost 25 | . . 11 . 14 Power 3 | . . 2 . 1 Propulsion 12 | . . 4 . 8 Utility 2 | . . 1 . 1 Weapon 8 | . . 4 . 4 Highest Loss Streak 14 | . . 8 . 14 Average Slot Usage (%) 97 | . 100 96 100 92 Engine 13 | . 14 10 18 18 Treads 5 | . 18 . . 4 Leg 25 | . 9 30 36 26 Device 14 | . 14 20 9 9 Storage 11 | . 14 11 9 9 Protection 3 | . . . 9 9 Energy Gun 4 | . . 4 7 9 Ballistic Gun 16 | . 28 16 10 7 Naked Turns . | . . . . . Heaviest Build 39 | 11 24 30 37 39 Greatest Support 40 | 40 40 30 40 40 Greatest Overweight (x) 3 | 1 2 2 . 3 Average Overweight (x) . | . . . . . Largest Inventory Capacity 10 | 6 10 10 10 10 Average Capacity 9 | 5 9 10 10 10 Most Carried 10 | 4 10 10 10 10 Average Carried 8 | 2 8 8 7 8 Final Capacity 10 | 6 10 10 10 10 Final Carried 10 | 4 10 10 10 6 Class Distribution -------------------- 62% | Scavenger-Mutant 37% | Mutant Dominant Class ---------------- Mutant | -10/Materials Scavenger-Mutant | -9/Materials Scavenger-Mutant | -8/Materials Scavenger-Mutant | -8/Storage Resources | -11 -10 -9 -8 -8 ----------- Run | Scr Mat Mat Mat Sto Matter Collected 1298 | 187 336 445 169 161 Remotely . | . . . . . Salvage Created 1578 | 11 385 498 243 441 Parts 110 | 3 32 34 16 25 Haulers Intercepted . | . . . . . Recyclers Shooed 2 | . . 1 1 . Parts Field Recycled . | . . . . . Retrieved Matter . | . . . . . Parts Self-Destructed . | . . . . . Prevented . | . . . . . Kills | -11 -10 -9 -8 -8 ------- Run | Scr Mat Mat Mat Sto Combat Hostiles Destroyed 35 | . 7 17 2 9 Guns 26 | . 7 12 2 5 AOE 9 | . . 5 . 4 Classes Destroyed 10 | 1 4 1 2 2 Worker 1 | . . . . 1 Builder 4 | . . . 2 2 Tunneler 3 | 1 . 2 . . Recycler 4 | . 2 . 1 1 Operator 1 | . . . . 1 Watcher 2 | . 1 . . 1 Swarmer 13 | . 3 8 . 2 Grunt 15 | . 4 5 . 6 Sentry 6 | . . 4 1 1 Hunter 1 | . . . 1 . Best Kill Streak 13 | 1 4 5 4 13 Combat Bots Only 8 | . 3 4 1 8 Max Kills in Single Turn 5 | 1 1 5 1 3 Gunslinging 1 | . . 1 . 1 Exploded 3 | . . 3 . 3 Melee . | . . . . . Uniques/NPCs Destroyed . | . . . . . Combat | -11 -10 -9 -8 -8 -------- Run | Scr Mat Mat Mat Sto Damage Taken 3177 | . 349 1269 204 1355 Core 536 | . 35 228 93 180 Absorbed by Shields . | . . . . . Core Remaining (%) 76 | 100 86 43 . . Volleys Fired 137 | 1 29 64 16 27 Largest 2 | 2 2 2 2 2 Hottest 90 | 40 40 76 70 90 Shots Fired 255 | 2 58 123 28 44 Gun 246 | 2 58 117 28 41 Cannon . | . . . . . Launcher 9 | . . 6 . 3 Special . | . . . . . Kinetic 194 | 2 58 97 18 19 Thermal 13 | . . 13 . . Explosive 9 | . . 6 . 3 Electromagnetic 39 | . . 7 10 22 Robot Hit Streak 12 | 1 12 10 6 6 Robot Miss Streak 11 | . 2 5 4 11 Penetration Max 1 | . . . . 1 Secondary Targets 5 | . . 2 . 3 Max Gunslinging Chain 1 | . . 1 . 1 Shots Hit Robots 151 | 1 41 72 19 18 Core Hits 88 | 1 16 33 8 30 Critical Hits 1 | . . . . 1 Critical Kills . | . . . . . Critical Parts Destroyed . | . . . . . Melee Attacks . | . . . . . Impact . | . . . . . Slashing . | . . . . . Piercing . | . . . . . Sneak Attacks . | . . . . . Combat Hostiles . | . . . . . Follow-up Attacks . | . . . . . Damage Inflicted 3073 | 13 474 1166 371 1049 Guns 1994 | 13 474 826 272 409 Cannons . | . . . . . Explosions 1079 | . . 340 99 640 Melee . | . . . . . Ramming . | . . . . . Kinetic 1447 | 13 474 605 156 199 Thermal 298 | . . 157 99 42 Explosive 938 | . . 340 . 598 Electromagnetic 390 | . . 64 116 210 Impact . | . . . . . Slashing . | . . . . . Piercing . | . . . . . Highest Corruption 2 | . 2 . . . Average Corruption 2 | . 2 . . . Corruption Purged . | . . . . . Effects 2 | . 2 . . . Heat Flow Errors 1 | . 1 . . . Energy Discharges 1 | . 1 . . . Overload Shots . | . . . . . Overflow Damage 42 | . . . 28 14 Projectiles . | . . . . . Explosions 42 | . . . 28 14 Melee . | . . . . . Knockbacks . | . . . . . Impact . | . . . . . Kinetic . | . . . . . Secondary . | . . . . . Self-Inflicted Damage 110 | . . 37 40 33 Shots 4 | . . 2 1 1 Rammed . | . . . . . Targets Rammed . | . . . . . Kicked . | . . . . . Crushed . | . . . . . Highest Temperature 425 | . 153 4 48 425 Average Temperature 162 | . 47 2 18 221 Received Heat Transfer 918 | . 144 243 27 504 Effects 7 | . . . . 7 Shutdowns 3 | . . . . 3 Interference 4 | . . . . 4 Siege Activations . | . . . . . Robots Corrupted . | . . . . . Combat Hostiles . | . . . . . Parts Fried . | . . . . . Impact Corruptions . | . . . . . Robots Melted . | . . . . . Combat Hostiles . | . . . . . Parts Melted . | . . . . . Heat Transferred 607 | . . 407 100 100 Parts Sabotaged . | . . . . . Parts Stolen . | . . . . . Parts Stripped . | . . . . . Power Chain Reactions 4 | . . . 2 2 Missiles Intercepted . | . . . . . Alert | -11 -10 -9 -8 -8 ------- Run | Scr Mat Mat Mat Sto Peak Influence 466 | 5 180 466 299 440 Initial 137 | . 3 76 137 126 Average 197 | 3 66 308 184 248 Maximum Alert Level 2 | . . 2 1 2 Low Security (%) 55 | 100 100 11 66 57 Level 1 33 | . . 66 34 17 Level 2 11 | . . 21 . 25 Level 3 . | . . . . . Level 4 . | . . . . . Level 5 . | . . . . . High Security . | . . . . . Max Security . | . . . . . Squads Dispatched 7 | . . 2 1 4 Investigation 1 | . . . . 1 Extermination . | . . . . . Reinforcement 5 | . . 2 1 2 Assault . | . . . . . Garrison 1 | . . . . 1 Intercept . | . . . . . Construction Impeded 2 | . . . 1 1 Haulers Reinforced . | . . . . . Stealth | -11 -10 -9 -8 -8 --------- Run | Scr Mat Mat Mat Sto Distress Signals 5 | . . 2 . 3 Communications Jammed . | . . . . . Distress Signals . | . . . . . Times Spotted 52 | . 8 25 2 17 Peak Tracking Total 11 | . 3 7 1 11 Tactical Retreats 3 | . . 1 . 2 Traps | -11 -10 -9 -8 -8 ------- Run | Scr Mat Mat Mat Sto Traps Triggered 2 | . 2 . . . Indirectly . | . . . . . Trap Hack Attempts . | . . . . . Triggered . | . . . . . Disarmed . | . . . . . Reprogrammed . | . . . . . Reused . | . . . . . Traps Extracted . | . . . . . Installed . | . . . . . Triggered . | . . . . . Machines | -11 -10 -9 -8 -8 ---------- Run | Scr Mat Mat Mat Sto Machines Disabled 6 | . . . 2 4 Max in Single Turn 2 | . . . 2 2 Machines Sabotaged . | . . . . . Garrisons Compromised . | . . . . . Overloaded Fab Kills . | . . . . . Fab Network Shutdowns . | . . . . . Hacking | -11 -10 -9 -8 -8 --------- Run | Scr Mat Mat Mat Sto Machines Accessed 5 | . 3 . 1 1 Terminals 3 | . 2 . . 1 Fabricators . | . . . . . Repair Stations . | . . . . . Recycling Units 1 | . 1 . . . Scanalyzers 1 | . . . 1 . Garrison Access . | . . . . . Total Hacks 11 | . 5 . 3 3 Successful 9 | . 3 . 3 3 Failed 2 | . 2 . . . Catastrophic . | . . . . . Database Lockouts . | . . . . . Manual . | . . . . . Terminals 7 | . 4 . . 3 Fabricators . | . . . . . Repair Stations . | . . . . . Recycling Units 1 | . 1 . . . Scanalyzers 3 | . . . 3 . Garrison Access . | . . . . . Terminal Hacks 5 | . 2 . . 3 Record 3 | . 1 . . 2 Prototype ID Bank 1 | . 1 . . . Locate Traps 1 | . . . . 1 Fabricator Hacks . | . . . . . Repair Station Hacks . | . . . . . Recycling Unit Hacks 1 | . 1 . . . Retrieve Matter 1 | . 1 . . . Scanalyzer 3 | . . . 3 . Insert Component 2 | . . . 2 . Analyze 1 | . . . 1 . Garrison Access Hacks . | . . . . . Unauthorized Hacks . | . . . . . Terminals . | . . . . . Fabricators . | . . . . . Repair Stations . | . . . . . Recycling Units . | . . . . . Scanalyzers . | . . . . . Garrison Access . | . . . . . Data Cores Recovered . | . . . . . Used . | . . . . . Hacking Detections 3 | . 1 . 1 1 Full Trace Events 2 | . . . 1 1 Feedback Events . | . . . . . Feedback Blocked . | . . . . . Robot Schematics Acquired . | . . . . . Robots Built . | . . . . . Matter . | . . . . . Time . | . . . . . Total Robot Build Rating . | . . . . . Part Schematics Acquired 1 | . . . 1 . Parts Built . | . . . . . Matter . | . . . . . Time . | . . . . . Total Part Build Rating . | . . . . . Parts Repaired . | . . . . . Time . | . . . . . Parts Recycled . | . . . . . Recycled Matter . | . . . . . Retrieved Matter . | . . . . . Retrieved Components . | . . . . . Parts Scanalyzed 1 | . . . 1 . Part Schematics Acquired 1 | . . . 1 . Parts Damaged 1 | . . . 1 . Bothacking | -11 -10 -9 -8 -8 ------------ Run | Scr Mat Mat Mat Sto Used RIF Installer . | . . . . . Robots Hacked . | . . . . . Non-combat . | . . . . . Combat . | . . . . . Robot Hacks Applied . | . . . . . Relay Couplers Released . | . . . . . Robots Rewired . | . . . . . Allies Hacked . | . . . . . Hacks Repelled . | . . . . . Allies | -11 -10 -9 -8 -8 -------- Run | Scr Mat Mat Mat Sto Total Allies . | . . . . . Largest Group . | . . . . . Highest-Rated Group . | . . . . . Highest-Rated Ally . | . . . . . Total Orders . | . . . . . Ally Attacks . | . . . . . Total Damage . | . . . . . Kills . | . . . . . Allies Corrupted . | . . . . . Allies Melted . | . . . . . Intel | -11 -10 -9 -8 -8 ------- Run | Scr Mat Mat Mat Sto Robot Analysis Total . | . . . . . Derelict Logs Recovered . | . . . . . Drone Launches . | . . . . . Drone Recoveries . | . . . . . Exploration | -11 -10 -9 -8 -8 ------------- Run | Scr Mat Mat Mat Sto Turns Passed 1483 | 84 375 542 300 182 Spaces Moved 723 | 48 162 259 180 74 Core 10 | 10 . . . . Treads 144 | 38 106 . . . Legs 569 | . 56 259 180 74 Wheels . | . . . . . Hover . | . . . . . Flight . | . . . . . Fastest Speed 50 | 50 150 120 120 120 Average Speed 131 | 141 157 121 120 128 Slowest Speed 210 | 160 180 180 120 210 Overloaded Moves . | . . . . . Propulsion Burnouts . | . . . . . Robots Hopped . | . . . . . Cave-ins Triggered . | . . . . . Exploration Rate (%) 20 | 5 34 25 18 20 Regions Visited 4 Branch Regions 1 Pre-discovered Areas . | . . . . . Known Exits Taken . | . . . . . Unknown Exits Taken 4 | 1 1 1 1 . Scrap Searched . | . . . . . Spaces Dug . | . . . . . Terrain Destroyed 83 | . . 47 10 26 Melee . | . . . . . Projectile . | . . . . . AOE 83 | . . 47 10 26 Terrain Rammed . | . . . . . Walls Destroyed . | . . . . . Machines Disabled . | . . . . . Actions | -11 -10 -9 -8 -8 --------- Run | Scr Mat Mat Mat Sto Total 1005 | 59 226 365 240 115 Wait 35 | . 7 . 28 . Move 719 | 47 161 258 179 74 Hop . | . . . . . Pick Up 36 | 4 12 11 7 2 Fast Attach 22 | 7 4 8 . 3 Attach 19 | . 2 9 3 5 Detach 1 | . . 1 . . Swap 15 | . 2 8 2 3 Drop 21 | . 9 6 5 1 Fire 137 | 1 29 64 16 27 Melee . | . . . . . Ram . | . . . . . Kick . | . . . . . Crush . | . . . . . Escape Stasis . | . . . . . Rewire . | . . . . . Trap . | . . . . . Miscellaneous . | . . . . . Route ------- -11/Scrapyard -10/Materials -9/Materials -8/Materials -8/Storage History --------- Turn | Location | Event 13 | -11/Scrapyard | Discovered new exit (range 15) 85 | -11/Scrapyard | Entered Materials 318 | -10/Materials | Build established: Mutant 451 | -10/Materials | Discovered new exit (range 6) 460 | -10/Materials | Entered another Materials area 460 | -9/Materials | Evolved 2 slots: Propulsion x1, Utility x1 798 | -9/Materials | Core integrity fell below 50% 839 | -9/Materials | Lost 8 parts (1p3n1u3w) 959 | -9/Materials | Discovered new exit (range 10) 1002 | -9/Materials | Entered another Materials area 1002 | -8/Materials | Evolved 2 slots: Power x1, Propulsion x1 1098 | -8/Materials | Build established: Scavenger-Mutant 1243 | -8/Materials | Discovered new exit (range 14) 1302 | -8/Materials | Entered Storage 1400 | -8/Storage | Garrison activated, responded to threat 1459 | -8/Storage | Destroyed 8 combat bots 1484 | -8/Storage | Self-destructed Last Messages --------------- Minigun destroyed. U-05 Engineer lays Concrete. K-01 Serf collects debris. Acquired Aluminum Leg. U-05 Engineer lays Concrete. K-01 Serf collects debris. Acquired 38 matter. U-05 Engineer lays Concrete. Aluminum Leg destroyed. K-01 Serf collects debris. U-05 Engineer lays Concrete. K-01 Serf collects debris. U-05 Engineer lays Concrete. Adv. Treads destroyed. K-01 Serf collects debris. U-05 Engineer builds a Wall. K-01 Serf collects debris. Acquired Imp. Heat Sink. Aluminum Leg destroyed. Lgt. Ion Engine destroyed. Map ----- +----------------------------------------------------+ | | | | | ????????????????????????????######???????????????? | | ????????????????????????????# ###########????? | | ????????????????????????????# #????? | | ????????????????????????????# #????? | | ????????????????????????????# #????? | | ????????????????????????????# ####+######????? | | ????????????????????????????## ##?# ##??????? | | ??????????????????????#####??# #??# T#??????? | | ??????????????????????#"""#??# #??##" "###?????? | | ????????????????????### #### #??# #?????? | | ????????????????????# # #??# [ !!#?????? | | ????????????????????# " # #??#!! !!#?????? | | ????????????????????# " # #??#!!! !!#?????? | | ????????????????????# " # #??########?????? | | ????????????????????# + #???????????????? | | ????????????????????# """ # #???????????????? | | ?????????????#??????# """ ! # #???????????????? | | ?????????????+ ????# "" # #???????????????? | | ?????????????#^ "??# # #???????????????? | | ?????????????# ?####T##### #???????????????? | | ??????????????? #??##????# #???????????????? | | ?????????????????##;; ######## #???????????????? | | ?????????????######## =!## #???????????????? | | ?????????? !%*g% =@ [| #???????????????? | | ?????????? Y |=!g %% k! = #???????????????? | | ?????????? *[!= %!*u! #???????????????? | | ???????????+##### ## ########???????????????? | | ????????????? % ##?????????????????????? | | ???????????? !! k #??????????????????????? | | ?????????????!! #??????????????????????? | | ???????????? ! u " #??????????????????????? | | ???????????? # """ ]!#??????????????????????? | | ?????????????###?# """ ]!#??????????????????????? | | ?????????????????# Y???????????????????????? | | ?????????????????# ?? ! ???????????????????????? | | ????????????????????? ???????????????????????? | | ?????????????????????#### ???????????????????????? | | ?????????????????????????#???????????????????????? | | ?????????????????????????????????????????????????? | | ?????????????????????????????????????????????????? | | ?????????????????????????????????????????????????? | | ?????????????????????????????????????????????????? | | ?????????????????????????????????????????????????? | | ?????????????????????????????????????????????????? | | ?????????????????????????????????????????????????? | | ?????????????????????????????????????????????????? | | ?????????????????????????????????????????????????? | | ?????????????????????????????????????????????????? | +----------------------------------------------------+ Best States ------------- Heat Dissipation 41 Energy Generation 15 Energy Capacity 275 Matter Stores 300 Matter Capacity 300 Sight Range 16 Terrain Scan Range 16 Terrain Scan Density 10 Armor Coverage 150 Evasion (%) 40 Recoil Reduction 2 Particle Charging 15 Item Schematics ----------------- Imp. EM Shotgun | -8/Materials | Scanalyzed Robot Schematics ------------------ None Fabricated ------------ Nothing Alien Tech Used ----------------- None Achievements -------------- None Challenges ------------ None Game ------ Seed DisruptorPrecisionCompactor Manual? 0 Play Time 00:27:22 Cumulative 16.6 hours Start 2021.08.12 @ 18:16:46 End 2021.08.12 @ 18:44:30 Sessions 1 Manual Loads 0 Difficulty Rogue Special Mode None Game No. 19 Rogue 19 Adventurer 0 Explorer 0 Win Type - Total 0 Types 0/0/0/0/0/0/0/0/0 Lore% 19 Gallery% 23 Achievement% 11 Wizard Run 0 Options --------- ASCII 0 Keyboard 0 Movement Mouse Keybinds 0 Fullscreen 1 Font 18/SmallcapsGlow Map View 76x50 Tactical HUD 0 Map Filters NONE Filters NONE Steam 1 RUN: b62b9da9-6bc0-4bc5-bf74-0d3b123fce64